 Dungeon Crawl Stone Soup version 0.22-a0-362-g535178c (webtiles) character file.

5009 iamserjio the Grappler (level 10, -8/85 HPs)
             Began as a Naga Transmuter on Apr 21, 2018.
             Was an Elder of Okawaru.
             Mangled by an ice beast (14 damage)
             ... on level 11 of the Dungeon.
             The game lasted 00:40:33 (11516 turns).

iamserjio the Grappler (Naga Transmuter)           Turns: 11516, Time: 00:40:33

Health: -8/85      AC:  6    Str: 19    XL:     10   Next: 54%
Magic:  6/13       EV:  9    Int: 13    God:    Okawaru [****..]
Gold:   230        SH:  0    Dex: 12    Spells: 2/13 levels left

rFire    . . .     SeeInvis +     - Unarmed
rCold    . . .     Gourm    +   (shield currently unavailable)
rNeg     . . .     Faith    .   D - +2 leather armour {rPois}
rPois    +         Spirit   .   (no helmet)
rElec    .         Reflect  .   (no cloak)
rCorr    .         Harm     .   (gloves currently unavailable)
MR       ++...                  (no barding)
Stlth    +++.......             w - amulet of the gourmand
HPRegen  0.24/turn              N - +3 ring of strength
MPRegen  0.13/turn              b - ring of protection from magic (curse)

@: blade hands, very slightly contaminated, very slow
A: large, see invisible, deformed body, poison resistance, slowness 2, slow
metabolism 1, spit poison 1, AC +3
a: Spit Poison, End Transformation, Heroism, Renounce Religion


You were on level 11 of the Dungeon.
You worshipped Okawaru.
Okawaru was greatly pleased with you.
You were hungry.
You had blades for hands.
You visited 1 branch of the dungeon, and saw 11 of its levels.

You collected 608 gold pieces.
You spent 378 gold pieces at shops.

Inventory:

Missiles
 a - 155 arrows
 K - a throwing net (quivered)
Armour
 i - a +2 scale mail of poison resistance
 D - a +2 leather armour of poison resistance (worn)
 J - a +0 pair of gloves (melded)
 Q - the +5 scale mail of an ossuary {rC+++ Int+7 Stlth-, unknown}
   (You found it on level 10 of the Dungeon)

   It affects your intelligence (+7).
   It renders you almost immune to cold.
   It makes you less stealthy.
Jewellery
 b - a cursed ring of protection from magic (right scythe-like blade)
 m - an uncursed ring of ice
 n - an uncursed amulet of the acrobat
 w - an amulet of the gourmand (around neck)
 y - an uncursed ring of wizardry
 F - an uncursed ring of magical power
 H - an uncursed ring of protection from cold
 N - a +3 ring of strength (left scythe-like blade)
Wands
 c - a wand of acid (11)
 B - a wand of digging (23)
 E - a wand of scattershot (2)
Scrolls
 e - 6 scrolls of teleportation
 g - a scroll of magic mapping
 j - 4 scrolls of enchant armour
 k - 3 scrolls of fog {unknown}
 r - a scroll of noise {unknown}
 s - 4 scrolls of enchant weapon {unknown}
 v - a scroll of fear
 x - a scroll of amnesia
 C - a scroll of identify
 L - a scroll of summoning {unknown}
 M - 2 scrolls of immolation
Potions
 f - a potion of cancellation {unknown}
 h - 5 potions of curing
 l - a potion of mutation {unknown}
 o - 3 potions of brilliance {unknown}
 p - 2 potions of degeneration {unknown}
 q - 2 potions of magic {unknown}
 u - a potion of heal wounds {unknown}
 z - a potion of invisibility {unknown}
 A - a potion of berserk rage
 I - a potion of flight {unknown}
Miscellaneous
 G - a phial of floods
 P - a sack of spiders
Comestibles
 d - 16 rations
 O - 2 chunks of flesh


   Skills:
 + Level 4.1 Fighting
 - Level 1.6 Dodging
 - Level 7.0 Stealth
 * Level 11.0 Unarmed Combat
 - Level 2.0 Spellcasting
 + Level 8.3 Transmutations
 + Level 4.3 Invocations


You had 2 spell levels left.
You knew the following spells:

 Your Spells              Type           Power        Failure   Level  Hunger
a - Beastly Appendage     Tmut           ###...       16%         1    ##.....
b - Spider Form           Tmut/Pois      ##........   58%         3    ####...
c - Blade Hands           Tmut           ###.......   71%         5    ######.
d - Sticks to Snakes      Tmut           ###.....     19%         2    ###....


Dungeon Overview and Level Annotations

Branches:
Dungeon (11/15)            Temple (0/1) D:7            Lair (0/6) D:8
    Orc: D:9-12

Altars:
Ashenzari
Cheibriados
Nemelex Xobeh
Okawaru
Qazlal
Ru
Sif Muna
Xom
Zin

Shops:
D:5 ?(   D:7 (*

Annotations:
D:3 Grinder


Innate Abilities, Weirdness & Mutations

You cannot wear boots.
Your serpentine skin is tough. (AC +3)
You have supernaturally acute eyesight. (SInv)
Armour fits poorly on your strangely shaped body.
Your system is resistant to poisons. (rPois)
You cover ground very slowly.
You have a slow metabolism.
You can spit poison.


Message History

Evoke which item? (* to show all) (? for menu, Esc to quit)
Aiming: Scattershot
Press: ? - help, Shift-Dir - straight line, f - cyclops
Aim: a cyclops (heavily wounded)
The burst of metal fragments hits the cyclops. x4
The cyclops is severely wounded.
You are engulfed in a cloud of scalding steam.
* * * LOW HITPOINT WARNING * * *
The steam dragon barely misses you. The steam dragon claws you.
* * * LOW HITPOINT WARNING * * *
The cyclops closely misses you.
Blink to where?
Press: ? - help, Dir - move target cursor, p - cyclops You are very lightly contaminated with residual magic.
As you read the scroll of blinking, it crumbles to dust.
An ice beast comes into view.
The ice beast hits you.
* * * LOW HITPOINT WARNING * * *
The ice beast freezes you!
You die...

,,,,*,,,,,,,,,,,,,,,,,,,,,,,*
,,,,*,,,,,,,,,,,,*******,,,******
,**,**,,,******+***,,,*******,,,,
,*****,,,****,,,,**,,,,,,,,,,,,,,
,*,,,,,,,,,,,,,,,,,,,,,,,,,,,,,,,
,*,,,,,,,>,,,,,,,,,,,,,,,,,,,,,,,
,*,,,,,,,,,,,,,,,**,,,****,****,,
*****+##**#####+##*,,,****,******
***,,,..###.....@#*,,,,,,,,,,,,,,
,,,,,,,..§..§§..Y.......,,,,,,,,,
,,,,,,,,....§.§.........,,,,,,,,,
,,,,,,,,,.§§§...........,,,,,,,,,
*,,,,**+*#§§O##..###....***,,****
*,,,,*#.##§§.######*....***,,****
,,,,,,#..§.D.§.....,,...,,,,,,,,+
,,,,,,+.>§..C§.....,,,..,,,,,,,,*
,,,,,,#............,,,,,,,,,,,,>*


You could see a steam dragon, an ice beast and an ogre.

Vanquished Creatures
  Erolcha (D:9)
  2 hippogriffs
  A wraith (D:10)
  Eustachio (D:5)
  A hungry ghost (D:10)
  An acid dragon (D:9)
  3 orc warriors
  A black bear (D:10)
  A phantom (D:6)
  2 sky beasts
  An eye of draining (D:10)
  2 centaurs (D:10)
  2 ogres
  6 bullfrogs
  A gnoll sergeant (D:9)
  4 scorpions
  4 wights (D:10)
  2 howler monkeys (D:10)
  A crimson imp (D:8)
  A quasit (D:8)
  A bullfrog zombie (D:8)
  A centaur zombie (D:5)
  7 orc wizards
  A bullfrog skeleton (D:8)
  An orc priest (D:8)
  5 hounds
  2 jellies
  Jessica (D:2)
  4 iguanas
  Natasha (thrice) (D:2)
  9 worker ants
  A hound zombie (D:9)
  A worker ant zombie (D:5)
  12 gnolls
  18 adders
  3 shadow imps
  2 oozes
  A worm (D:2)
  2 adder skeletons
  A dart slug (D:1)
  4 leopard geckos
  18 orcs
  2 ball pythons (D:7)
  8 giant cockroaches
  10 goblins
  4 hobgoblins
  11 jackals
  11 kobolds
  4 quokkas
  12 bats
  A frilled lizard (D:1)
  A jackal skeleton (D:4)
  A quokka skeleton (D:8)
  7 rats
208 creatures vanquished.

Notes
Turn   | Place    | Note
-------+----------+-------------------------------------------
     0 | D:1      | iamserjio the Naga Transmuter began the quest for the Orb.
     0 | D:1      | Reached XP level 1. HP: 18/18 MP: 3/3
   340 | D:1      | Reached XP level 2. HP: 18/25 MP: 5/5
   767 | D:1      | Reached XP level 3. HP: 27/31 MP: 6/6
  1016 | D:2      | Learned a level 3 spell: Spider Form
  1384 | D:2      | Noticed Natasha
  1390 | D:2      | Killed Natasha
  1390 | D:2      | Reached skill level 4 in Unarmed Combat
  1390 | D:2      | Reached XP level 4. HP: 31/38 MP: 2/7
  1440 | D:2      | Found a sparkling altar of Nemelex Xobeh.
  1610 | D:2      | Found a glowing silver altar of Zin.
  1636 | D:2      | Noticed Natasha
  1645 | D:2      | Killed Natasha
  1645 | D:2      | Reached XP level 5. HP: 17/44 MP: 4/8
  1848 | D:2      | Noticed Jessica
  1858 | D:2      | Killed Jessica
  1960 | D:2      | Found a stormy altar of Qazlal.
  2201 | D:3      | Found a sacrificial altar of Ru.
  2916 | D:3      | Reached skill level 5 in Unarmed Combat
  2963 | D:3      | Reached XP level 6. HP: 48/51 MP: 9/9
  2987 | D:3      | Noticed Grinder
  2991 | D:3      | Paralysed by Grinder for 2 turns
  2996 | D:3      | Paralysed by Grinder for 2 turns
  3008 | D:2      | Noticed Natasha
  3022 | D:2      | Killed Natasha
  3022 | D:2      | Reached skill level 1 in Stealth
  3851 | D:4      | Found a snail-covered altar of Cheibriados.
  4054 | D:4      | Reached XP level 7. HP: 57/57 MP: 6/10
  4100 | D:4      | Reached skill level 6 in Unarmed Combat
  4100 | D:4      | Reached skill level 5 in Transmutations
  5098 | D:5      | Entered Level 5 of the Dungeon
  5217 | D:5      | Found a shimmering altar of Xom.
  5240 | D:5      | Reached XP level 8. HP: 64/64 MP: 8/11
  5263 | D:5      | Learned a level 5 spell: Blade Hands
  5266 | D:5      | Learned a level 2 spell: Sticks to Snakes
  5472 | D:5      | Reached skill level 5 in Stealth
  5535 | D:5      | Reached skill level 7 in Unarmed Combat
  5608 | D:5      | Found Surygg's Magic Scroll Shop.
  5613 | D:5      | Bought a scroll of teleportation for 42 gold pieces
  5613 | D:5      | Bought a scroll of blinking for 105 gold pieces
  5623 | D:5      | Found a sacrificial altar of Ru.
  5826 | D:5      | Found Desh's Weapon Boutique.
  6217 | D:5      | Noticed Eustachio
  6228 | D:5      | Killed Eustachio
  6828 | D:6      | Found Xyaroibb's Gadget Emporium.
  7010 | D:6      | Found an iron altar of Okawaru.
  7020 | D:6      | Became a worshipper of Warmaster Okawaru
  7134 | D:6      | Reached skill level 8 in Unarmed Combat
  7273 | D:7      | Found a staircase to the Ecumenical Temple.
  7312 | D:7      | Found Memutaw's Antique Weapon Shoppe.
  7609 | D:7      | Found a shattered altar of Ashenzari.
  7646 | D:7      | Found Galesuss's Assorted Antiques.
  7659 | D:7      | Noticed a hippogriff
  7668 | D:7      | Reached XP level 9. HP: 69/70 MP: 12/12
  8009 | D:7      | Reached * piety under Okawaru
  8009 | D:7      | Reached skill level 9 in Unarmed Combat
  8039 | D:7      | Found a deep blue altar of Sif Muna.
  8661 | D:5      | Bought a scroll of magic mapping for 49 gold pieces
  8661 | D:5      | Bought a scroll of enchant armour for 105 gold pieces
  8661 | D:5      | Bought a scroll of fear for 49 gold pieces
  8661 | D:5      | Bought a scroll of identify for 28 gold pieces
  9006 | D:8      | Reached skill level 1 in Invocations
  9319 | D:8      | Found a staircase to the Lair.
  9804 | D:9      | Reached skill level 10 in Unarmed Combat
  9885 | D:9      | Reached ** piety under Okawaru
  9913 | D:9      | Noticed Erolcha
  9922 | D:9      | Killed Erolcha
  9922 | D:9      | Reached *** piety under Okawaru
  9922 | D:9      | Reached XP level 10. HP: 59/84 MP: 8/13
 10804 | D:10     | Entered Level 10 of the Dungeon
 11346 | D:10     | Reached **** piety under Okawaru
 11453 | D:10     | Got a faintly humming scale mail
 11475 | D:10     | Reached skill level 11 in Unarmed Combat
 11510 | D:11     | Noticed a cyclops
 11516 | D:11     | Mangled by an ice beast

Vault maps used:
D:1:      roderic_chinese_lattice_arrival
D:2:      nemelex_xobeh_ov_fountains_minmay, lemuel_crystal_altar,
          nicolae_overflow_hidden_temple, grunt_decor_fettered, uniq_natasha,
          uniq_jessica
D:3:      lemuel_doored_altar, first_ration, uniq_grinder
D:4:      overflow_temple_1_default, hangedman_glass_teeth, dk_rats_in_the_wall
D:5:      cheibrodos_iron_armory, kennysheep_mini_moat, serial_shops, shop,
          shop, nicolae_ru_sacrificial_ziggurat, uniq_eustachio
D:6:      kennysheep_okawaru_gauntlet, serial_shops, kennysheep_mini,
          kennysheep_generic_room_12
D:7:      nicolae_ashenzari_panopticon, tgw_sif, minmay_temple_entry_poolview,
          serial_shops, nicolae_shop_trees, shop, grunt_ogre_cave
D:8:      lair_entry_dummy
D:9:      uniq_erolcha
D:10:     david_orc_5
D:11:     portal_ice_cave_entry_ice_beasts

Skill      XL: |  1  2  3  4  5  6  7  8  9 10 |
---------------+-------------------------------+-----
Transmutations | 3 4 5 6 7 8 |  8.3
Unarmed Combat | 4 5 6 8 10 11 | 11.0
Stealth        | 3 4 7 |  7.0
Invocations    | 3 4 |  4.3
Fighting       | 3 4 |  4.1
Dodging        | |  1.6
Spellcasting   | |  2.0

Action                   |  1- 3 |  4- 6 |  7- 9 | 10-12 || total
-------------------------+-------+-------+-------+-------++-------
Melee: Unarmed           |   104 |   163 |   302 |    87 ||   656
       Headbutt          |     2 |       |       |       ||     2
       Punch             |       |     2 |     5 |     4 ||    11
 Cast: Beastly Appendage |     4 |       |       |       ||     4
       Spider Form       |     3 |    19 |    33 |     5 ||    60
       Blade Hands       |       |       |    10 |     9 ||    19
Invok: Heroism           |       |       |       |     1 ||     1
 Abil: Spit Poison       |    19 |    11 |    14 |     1 ||    45
Evoke: Wand              |       |       |       |     2 ||     2
  Use: Scroll            |       |       |     7 |     3 ||    10
 Stab: Sleeping          |       |     3 |    12 |     1 ||    16
       Distracted        |       |       |     1 |       ||     1
  Eat: Chunk             |     1 |    12 |    30 |    10 ||    53
       Ration            |       |       |     1 |       ||     1
Armor: Robe              |    32 |    16 |    11 |       ||    59
       Skin              |     1 |     4 |     6 |       ||    11
       Leather armour    |       |       |    36 |    24 ||    60
Dodge: Dodged            |   109 |   121 |   182 |    39 ||   451

Table legend:
 A = Spawn XP
 B = Non-spawn XP
 C = Spawn XP percentage of total XP
 D = Spawn monster count
 E = Non-spawn monster count
 F = Spawn count percentage of total count
 G = Total turns spent on level
                    A         B        C        D         E        F      G
               +---------+---------+-------+---------+---------+-------+---------
         Total |       0 |    7156 |   0.0 |       0 |     208 |   0.0 | 11516
               +---------+---------+-------+---------+---------+-------+---------
           D:1 |       0 |      39 |   0.0 |       0 |      23 |   0.0 |  1010
           D:2 |       0 |     229 |   0.0 |       0 |      26 |   0.0 |  1301
           D:3 |       0 |     169 |   0.0 |       0 |      26 |   0.0 |  1434
           D:4 |       0 |     602 |   0.0 |       0 |      27 |   0.0 |  1353
           D:5 |       0 |     736 |   0.0 |       0 |      17 |   0.0 |  1479
           D:6 |       0 |     305 |   0.0 |       0 |       6 |   0.0 |   742
           D:7 |       0 |     933 |   0.0 |       0 |      22 |   0.0 |  1442
           D:8 |       0 |     818 |   0.0 |       0 |      23 |   0.0 |  1200
           D:9 |       0 |    1788 |   0.0 |       0 |      19 |   0.0 |  1109
          D:10 |       0 |    1537 |   0.0 |       0 |      19 |   0.0 |   437
               +---------+---------+-------+---------+---------+-------+---------
